 Dungeon Crawl Stone Soup version 0.20.0-8-g6b59dc7 (webtiles) character file.

820 Peloso the Slasher (level 7, -1/60 HPs)
             Began as a Minotaur Fighter on June 2, 2017.
             Was a Follower of Okawaru.
             Killed from afar by dion0's ghost (6 damage)
             ... with a stone arrow
             ... on level 5 of the Dungeon.
             The game lasted 00:08:18 (3376 turns).

Peloso the Slasher (Minotaur Fighter)               Turns: 3376, Time: 00:08:19

Health: -1/60      AC: 12    Str: 21    XL:     7   Next: 63%
Magic:  4/6        EV: 10    Int:  5    God:    Okawaru [*.....]
Gold:   266        SH: 12    Dex: 11    Spells: 6/6 levels left

rFire    . . .     SeeInvis .   a - +0 long sword
rCold    . . .     Gourm    .   c - +0 shield
rNeg     . . .     Faith    .   o - +0 chain mail
rPois    .         Spirit   .   (helmet restricted)
rElec    .         Reflect  .   (no cloak)
rCorr    .         Harm     .   (no gloves)
MR       .....                  (no boots)
Stlth    ..........             (no amulet)
Regen    0.2/turn               (no ring)
MPRegen  0.1/turn               (no ring)

@: heroism
A: retaliatory headbutt, horns 2
a: Heroism, Renounce Religion


You were on level 5 of the Dungeon.
You worshipped Okawaru.
Okawaru was aware of your devotion.
You were very hungry.

You visited 2 branches of the dungeon, and saw 6 of its levels.

You collected 266 gold pieces.

Inventory:

Hand Weapons
 a - a +0 long sword (weapon)
 j - a +3 spear
 k - a cursed -2 short sword
 t - a cursed -2 short sword
Armour
 c - a +0 shield (worn)
 o - a +0 chain mail (worn)
Jewellery
 b - an uncursed ring of stealth {unknown}
Scrolls
 q - 4 scrolls of remove curse
 u - 2 scrolls of identify
 y - a scroll of random uselessness {unknown}
 A - a scroll of enchant weapon {unknown}
 B - a scroll of enchant armour {unknown}
Potions
 d - 3 potions of curing {unknown}
 e - a potion of degeneration {unknown}
 g - a potion of brilliance {unknown}
 i - a potion of agility {unknown}
 l - a potion of flight
 m - a potion of haste {unknown}
 n - a potion of lignification {unknown}
 r - a potion of berserk rage {unknown}
 s - 2 potions of resistance {unknown}
 w - a potion of might
 x - a potion of mutation {unknown}
Comestibles
 f - 3 bread rations
 h - 6 fruits
 v - a meat ration
 z - a royal jelly


   Skills:
 + Level 4.7(9.7) Fighting
 + Level 7.0(12.0) Long Blades
 + Level 6.2(11.2) Armour
 + Level 1.3(6.3) Dodging
 + Level 6.0(11.0) Shields


You had 6 spell levels left.
You didn't know any spells.

Dungeon Overview and Level Annotations

Branches:
Dungeon (5/15)             Temple (1/1) D:4

Altars:
Cheibriados
Elyvilon
Gozag
Kikubaaqudgha
Makhleb
Nemelex Xobeh
Okawaru
Qazlal
Ru
Sif Muna
Vehumet
Xom
Zin
The Shining One

Annotations:
D:5 Menkaure; dion0's ghost, novice GrEE


Innate Abilities, Weirdness & Mutations

You reflexively headbutt those who attack you in melee.
You have a pair of horns on your head.


Message History

Dion0's ghost hits you.
* * * LOW HITPOINT WARNING * * *
You barely miss dion0's ghost.
You headbutt dion0's ghost, but do no damage.
Dion0's ghost is almost destroyed.
Dion0's ghost hits you.
* * * LOW HITPOINT WARNING * * *
Your shield and chain mail prevent you from hitting dion0's ghost.
Dion0's ghost is almost destroyed.
You block dion0's ghost's attack.
Okay, then.
You gain the combat prowess of a mighty hero.
Dion0's ghost points at you and mumbles some strange words.
The blast of sand hits you!
You hit dion0's ghost but do no damage.
Dion0's ghost is severely damaged.
The earth trembles for a moment.
Dion0's ghost points at you and mumbles some strange words.
The stone arrow hits you!
You die...

≈..###.###.....#.#....... ♣
..............#.####.### ≈≈
#.....##......#.# #....
.≈.#.....###.....#.# #....
≈≈≈.......##.....#'####.###
♣≈........##..>..........##
♣≈.%......##.............##
###..###............[##
#....W@........####'###
#.#..####...........<..
#.#..# #...[..########
#.#..# #......# #
######.#..####......#
.....[...............#
##.$.................#
#........>..........#
##############.....##


You could see dion0's ghost.

Vanquished Creatures
  Sigmund (D:3)
  The ghost of DrakieV the Cutter, an amateur KoFi (D:3)
  2 ogres
  A bullfrog (D:4)
  A hound (D:4)
  2 orc priests
  3 orc wizards
  A worker ant (D:5)
  Robin (D:2)
  3 gnolls (D:4)
  2 adders
  An ooze (D:2)
  An adder skeleton (D:4)
  A worm (D:4)
  4 leopard geckos
  10 orcs
  A bat (D:2)
  A giant cockroach (D:5)
  10 goblins
  7 hobgoblins
  6 jackals
  2 quokkas (D:4)
  A ball python (D:2)
  A frilled lizard (D:3)
  8 kobolds
  5 rats
77 creatures vanquished.

Notes
Turn   | Place    | Note
-------+----------+-------------------------------------------
     0 | D:1      | Peloso the Minotaur Fighter began the quest for the Orb.
     0 | D:1      | Reached XP level 1. HP: 19/19 MP: 0/0
   706 | D:2      | Reached XP level 2. HP: 23/27 MP: 1/1
   923 | D:2      | Found a sparkling altar of Nemelex Xobeh.
  1032 | D:2      | Reached XP level 3. HP: 33/33 MP: 2/2
  1531 | D:3      | Noticed DrakieV's ghost (amateur KoFi)
  1570 | D:3      | Killed DrakieV's ghost
  1570 | D:3      | Reached skill level 4 in Long Blades
  1570 | D:3      | Reached skill level 5 in Armour
  1570 | D:3      | Reached XP level 4. HP: 38/40 MP: 3/3
  1570 | D:3      | Reached XP level 5. HP: 44/46 MP: 4/4
  1582 | D:3      | Noticed Robin
  1602 | D:2      | Killed Robin
  1707 | D:3      | Noticed an ogre
  1712 | D:3      | Noticed Sigmund
  1756 | D:3      | Killed Sigmund
  1756 | D:3      | Reached skill level 5 in Long Blades
  1756 | D:3      | Reached skill level 1 in Dodging
  1756 | D:3      | Reached skill level 5 in Shields
  1756 | D:3      | Reached XP level 6. HP: 50/52 MP: 5/5
  2168 | D:3      | Found an ancient bone altar of Kikubaaqudgha.
  2270 | D:4      | Found a staircase to the Ecumenical Temple.
  2280 | Temple   | Entered the Ecumenical Temple
  2311 | Temple   | Became a worshipper of Warmaster Okawaru
  2376 | D:4      | Reached skill level 6 in Long Blades
  2376 | D:4      | Reached XP level 7. HP: 51/60 MP: 6/6
  2842 | D:5      | Entered Level 5 of the Dungeon
  2976 | D:5      | Noticed Menkaure
  2980 | D:5      | Noticed dion0's ghost (novice GrEE)
  3001 | D:4      | Reached * piety under Okawaru
  3245 | D:4      | Reached skill level 7 in Long Blades
  3376 | D:5      | Killed from afar by dion0's ghost

Skill      XL: |  1  2  3  4  5  6  7 |
---------------+----------------------+-----
Armour         | 4 5 6 |  6.2
Shields        | 4 5 6 |  6.0
Fighting       | 4 |  4.7
Long Blades    | 4 5 6 7 |  7.0
Dodging        | 1 |  1.3

Action                   |  1- 3 |  4- 6 |  7- 9 || total
-------------------------+-------+-------+-------++-------
Melee: Long sword        |    57 |    69 |   107 ||   233
       Headbutt          |     4 |    11 |    22 ||    37
Invok: Heroism           |       |       |     1 ||     1
  Use: Scroll            |     5 |     2 |       ||     7
       Potion            |     1 |       |       ||     1
  Eat: Chunk             |     2 |     2 |     3 ||     7
Armor: Scale mail        |    12 |       |       ||    12
       Chain mail        |    28 |    31 |    43 ||   102
Dodge: Dodged            |    19 |    16 |    21 ||    56
Block: Shield            |    35 |    47 |    52 ||   134
       Rpst.: Long sword |     3 |     2 |     4 ||     9
